 Dungeon Crawl Stone Soup version 0.23.2-40-g277498a001 (webtiles) character file.

Game seed: 3757523730112154501

2 MalarOregon the Magician (level 1, 13/14 HPs)
             Began as a Draconian Wizard on Oct 1, 2019.
             Quit the game on level 1 of the Dungeon.
             The game lasted 00:00:47 (201 turns).

MalarOregon the Magician (Draconian Wizard)          Turns: 201, Time: 00:00:48

Health: 13/14      AC:  4    Str:  9    XL:     1   Next: 25%
Magic:  0/4        EV: 12    Int: 18    God:
Gold:   25         SH:  0    Dex:  9    Spells: 5/6 levels left

rFire    . . .     SeeInvis .   (no weapon)
rCold    . . .     Gourm    .   (no shield)
rNeg     . . .     Faith    .   (armour unavailable)
rPois    .         Spirit   .   a - +0 hat
rElec    .         Reflect  .   (no cloak)
rCorr    .         Harm     .   (no gloves)
MR       .....                  (no boots)
Stlth    ++........             (no amulet)
HPRegen  0.04/turn              (no ring)
MPRegen  0.09/turn              (no ring)

@: no status effects
A: unfitting armour, cold-blooded, AC +4
a: no special abilities


You were on level 1 of the Dungeon.
You were not hungry.

You visited 1 branch of the dungeon, and saw 1 of its levels.

You collected 25 gold pieces.

Inventory:

Armour
 a - a +0 hat (worn)
Scrolls
 c - 2 scrolls of identify {unknown}
Comestibles
 b - 2 chunks of flesh
 e - a ration {!d}


   Skills:
 - Level 0.2 Fighting
 - Level 1.7 Dodging
 - Level 1.7 Stealth
 - Level 0.2 Unarmed Combat
 + Level 3.0 Spellcasting
 - Level 1.0 Conjurations
   Level 1.0 Summonings
   Level 1.0 Translocations


You had 5 spell levels left.
You knew the following spells:

 Your Spells              Type           Power        Failure   Level  Hunger
a - Magic Dart            Conj           #...         11%         1    None

Your spell library contained the following spells:

 Spells                   Type           Power        Failure   Level  Hunger
 Blink                    Tloc           N/A          16%         2    ##.....
 Call Imp                 Summ           #.......     16%         2    ##.....
 Slow                     Hex            #.......     24%         2    ##.....
 Conjure Flame            Conj/Fire      #.......     36%         3    ###....
 Mephitic Cloud           Conj/Pois/Air  #.......     38%         3    ###....


Dungeon Overview and Level Annotations

Branches:
Dungeon (1/15)

Altars:


Innate Abilities, Weirdness & Mutations

Your plain brown scales are hard. (AC +4)
You cannot fit into any form of body armour.
You are cold-blooded and may be slowed by cold attacks.


Message History

The frilled lizard barely misses you.
You hit the frilled lizard. The frilled lizard barely misses you.
You closely miss the frilled lizard. The frilled lizard bites you.
You miss the frilled lizard.
Your tail-slap misses the frilled lizard.
The frilled lizard barely misses you.
You hit the frilled lizard.
You kill the frilled lizard!
No target in view!
You start resting.
You butcher the frilled lizard corpse.
b - 2 chunks of flesh (gained 1)
You see here a frilled lizard skeleton. x2
Found a spear.
Found a scroll labeled YRHINA QIHO.
c - 2 scrolls labeled YRHINA QIHO (gained 1) No target in view!
No target in view!
Unknown command.
Unknown command.
A bat comes into view.
A bat is nearby!
Aim: a bat (resting)
The magic dart hits the bat but does no damage.
Aim: a bat The magic dart hits the bat.
You kill the bat!
You start resting.
Found a cyan potion.
An ooze comes into view.
The ooze quivers.
An ooze is nearby!
An ooze is nearby!
An ooze is nearby!
Aim: an ooze The magic dart hits the ooze.
Aim: an ooze (lightly wounded)
The magic dart hits the ooze.
Aim: an ooze (moderately wounded)
The magic dart hits the ooze but does no damage.
You can't see any susceptible monsters within range! (Use Z to cast anyway.) Unknown command.
You start resting.
The ooze is too close now for your liking.
An ooze is nearby!
Aim: an ooze (moderately wounded)
The magic dart hits the ooze.
The ooze barely misses you.
You hit the ooze but do no damage. The ooze misses you.
You hit the ooze. The ooze hits you.
You hit the ooze. The ooze hits you but does no damage.

#.#### ...).# #.##.#
#.##.### .......# #####
### #.##.#.# #... ..
#.##.#.####.#### .#
..รท..#.........##.####
#.#########.##..@!...#
#.#### #.#####J##.#
.....# #.. ... #.##.#
####### ..... #.##.##
#.....# #......
....#.###.....# .#..#.
##.###........# .#....
##..#.###.....# .# ...
.....## #.....#


You could see an ooze.

Vanquished Creatures
  A bat (D:1)
  A frilled lizard (D:1)
  A rat (D:1)
3 creatures vanquished.

Notes
Turn   | Place    | Note
-------+----------+-------------------------------------------
     0 | D:1      | MalarOregon the Draconian Wizard began the quest for the
                  | Orb.
     0 | D:1      | Reached XP level 1. HP: 14/14 MP: 4/4
   201 | D:1      | Quit the game

Action                   || total
-------------------------++-------
Melee: Unarmed           ||    15
 Cast: Magic Dart        ||     6
Armor: Skin              ||     5
Dodge: Dodged            ||     7
